 Dungeon Crawl Stone Soup version 0.31-a0-845-g9abc20d24f (webtiles) character file.

Game seed: 7008316870114955455

2 randomguy2701 the Sneak (level 1, 0/13 HPs)
             Began as a Gnoll Wanderer on Oct 2, 2023.
             Slain by a quokka (3 damage)
             ... on level 1 of the Dungeon.
             The game lasted 00:00:18 (103 turns).

randomguy2701 the Sneak (Gnoll Wanderer)             Turns: 103, Time: 00:00:19

Health: 0/13       AC:  3    Str:  8    XL:     1   Next: 30%
Magic:  0/4        EV: 10    Int: 13    God:
Gold:   0          SH:  7    Dex: 12    Spells: 4/5 levels left

rFire   . . .        a - +0 dagger
rCold   . . .        e - +2 buckler
rNeg    . . .        d - +0 robe
rPois   .            (no helmet)
rElec   .            (no cloak)
rCorr   .            (no gloves)
SInv    .            b - +0 pair of boots
Will    .....        (no amulet)
Stlth   ++++         (no ring)
HPRegen 0.22/turn    (no ring)
MPRegen 0.09/turn

%: no passive effects
@: very slightly contaminated
A: fangs 1, strong nose, distributed training
a: no special abilities


You were on level 1 of the Dungeon.
You visited 1 branch of the dungeon, and saw 1 of its levels.

Inventory:

Hand Weapons
 a - a +0 dagger (weapon)
Armour
 b - a +0 pair of boots (worn)
 d - a +0 robe (worn)
 e - a +2 buckler (worn)
Potions
 c - a potion of attraction


   Skills:
 + Level 0.0 Fighting
 + Level 0.0 Short Blades
 + Level 0.0 Long Blades
 + Level 0.0 Axes
 + Level 0.0 Maces & Flails
 + Level 0.0 Polearms
 + Level 0.0 Staves
 + Level 0.0 Ranged Weapons
 + Level 0.0 Throwing
 + Level 2.3 Armour
 + Level 0.0 Dodging
 + Level 7.7 Stealth
 + Level 4.4 Shields
 + Level 0.0 Unarmed Combat
 + Level 2.6 Spellcasting
 + Level 0.0 Conjurations
 + Level 0.0 Hexes
 + Level 0.0 Summonings
 + Level 0.0 Necromancy
 + Level 0.0 Translocations
 + Level 1.9 Transmutations
 + Level 0.0 Fire Magic
 + Level 0.0 Ice Magic
 + Level 0.0 Air Magic
 + Level 0.0 Earth Magic
 + Level 0.0 Poison Magic
 + Level 0.1 Invocations
 + Level 2.3 Evocations
 + Level 0.0 Shapeshifting


You had 4 spell levels left.
You knew the following spells:

 Your Spells              Type           Power      Damage    Failure   Level
a - Sting                 Tmut/Pois      16%        1d3       24%         1

Your spell library contained the following spells:

 Spells                   Type           Power      Damage    Failure   Level
 Ignite Poison            Fire/Tmut/Pois 3%         N/A       63%         3


Dungeon Overview and Level Annotations

Branches:
Dungeon (1/15)

Altars:


Innate Abilities, Weirdness & Mutations

You have very sharp teeth.
Your uncanny sense of smell can sniff out nearby items.
Your experience applies equally to all skills.


Message History

A quokka is nearby!
A quokka is nearby!
You can't see any susceptible monsters within range! (Use Z to cast anyway.)
You can't see any susceptible monsters within range! (Use Z to cast anyway.)
You can't see any susceptible monsters within range! (Use Z to cast anyway.)
You miscast Sting.
You are very lightly contaminated with residual magic.
Nothing appears to happen.
The sting misses the quokka.
The sting misses the rat.
The quokka barely misses you.
You miscast Sting.
Nothing appears to happen.
The quokka bites you. x2
There are monsters nearby!
You miscast Sting.
Nothing appears to happen.
The quokka closely misses you.
You hit the quokka.
The quokka is severely wounded.
The rat barely misses you. The quokka bites you.
You are out of magic!
You hit the quokka but do no damage.
The quokka is heavily wounded.
The quokka bites you. You block the rat's attack.
There are monsters nearby!
You are too injured to fight recklessly!
There are monsters nearby!
You are too injured to fight recklessly!
You are too injured to fight recklessly!
Unknown command.
You hit the quokka.
The quokka is almost dead.
The quokka bites you. The rat bites you.
* * * LOW HITPOINT WARNING * * *
The quokka bites you.
* * * LOW HITPOINT WARNING * * *
You barely miss the quokka.
The quokka is almost dead.
The rat barely misses you.
The quokka bites you but does no damage.
You closely miss the quokka.
The quokka is almost dead.
You block the rat's attack. The quokka bites you.
You die...

###....# #......+ ∆
......+ ∆
#......#######....#
#......+..........#
#......##.........#
#.............#####
#............##
#.....rr.....#
######...###@....†#
#####......### #......#
......................#
###'#####.............#
###.########....#+#####
.......### ##...#
.........## ##..#
.~~~~~....## #..#
~~~~~~~~...# .#


You could see a quokka and a rat.

Vanquished Creatures
  A quokka (D:1)
  A ball python (D:1)
2 creatures vanquished.

Notes
Turn   | Place    | Note
-------+----------+-------------------------------------------
     0 | D:1      | randomguy2701 the Gnoll Wanderer began the quest for the
                  | Orb.
     0 | D:1      | randomguy2701 set off with the following items: a +0
                  | dagger, a +0 pair of boots, a potion of attraction, a +0
                  | robe, a +2 buckler; and the following spell memorised:
                  | Sting; and the following spells available to memorise:
                  | Ignite Poison.
     0 | D:1      | Reached XP level 1. HP: 13/13 MP: 4/4
   103 | D:1      | Slain by a quokka

Illustrated notes

Levels and vault maps discovered:
D:1:      dpeg_arrival_concentric_ovals, layout_basic,
          ebering_ecumenical_altar_webs, minmay_tripent

Action                     || total
---------------------------++-------
  Melee: Dagger            ||     5
   Cast: Sting             ||     5
 Armour: Robe              ||     9
  Dodge: Dodged            ||     5
  Block: Buckler           ||     3

Table legend: (Time is in decaauts)
 A = Elapsed time spent in this place.
 B = Non-inter-level travel time spent in this place.
 C = Inter-level travel time spent in this place.
 D = Time resting spent in this place.
 E = Time spent auto-exploring this place.
 F = Levels seen in this place.
 G = Mean time per level.
                   A        B        C        D        E       F      G
               +--------+--------+--------+--------+--------+-----+--------+
         Total |    103 |    103 |      0 |      0 |     77 |   1 |  103.0 |
       Dungeon |    103 |    103 |      0 |      0 |     77 |   1 |  103.0 |
               +--------+--------+--------+--------+--------+-----+--------+

Top non-repeatable levels by time:
     D:1: 103 daAuts
